 Dungeon Crawl Stone Soup version 0.31-a0-1338-gb567cfdca4 (webtiles) character file.

Game seed: 15500980910963530786

44 Curundu the Chopper (level 3, -4/33 HPs)
             Began as a Hill Orc Berserker on Dec 22, 2023.
             Was a Follower of Trog.
             Slain by a gnoll
             ... wielding a +0 halberd
              (12 damage)
             ... on level 3 of the Dungeon.
             The game lasted 00:07:07 (1540 turns).

Curundu the Chopper (Hill Orc Berserker)            Turns: 1540, Time: 00:07:07

Health: -4/33      AC:  6    Str: 21    XL:     3   Next: 60%
Magic:  3/3        EV:  9    Int:  7    God:    Trog [*.....]
Gold:   139        SH:  3    Dex: 10    Spells: 2/2 levels left

rFire   + . .        a - +0 hand axe
rCold   . . .        n - +0 buckler
rNeg    . . .        i - +0 scale mail
rPois   .            (no helmet)
rElec   .            (no cloak)
rCorr   .            (no gloves)
SInv    .            (no boots)
Will    .....        e - amulet of regeneration Stlth
                     c - ring of protection from fire
HPRegen 1.05/turn    (no ring)
MPRegen 0.08/turn

%: no passive effects
@: lethally poisoned (-4 -> -9)
A: no striking features
a: Renounce Religion, Berserk


You were on level 3 of the Dungeon.
You worshipped Trog.
Trog was aware of your devotion.
You visited 1 branch of the dungeon, and saw 3 of its levels.

You collected 139 gold pieces.

Inventory:

Hand Weapons
 a - a +0 hand axe (weapon)
Armour
 b - a +0 animal skin
 i - a +0 scale mail (worn)
 n - a +0 buckler (worn)
Jewellery
 c - a ring of protection from fire (left hand)
 e - an amulet of regeneration (around neck)
 k - a ring of magical power
 p - a ring of willpower
Wands
 l - a wand of light (6)
Scrolls
 d - 4 scrolls of teleportation {unknown}
 f - a scroll of identify {unknown}
 g - 2 scrolls of immolation {unknown}
 m - a scroll of fog {unknown}
Potions
 h - a potion of berserk rage {unknown}
 j - a potion of might {unknown}
 o - 2 potions of heal wounds {unknown}


   Skills:
 + Level 4.1 Fighting
 + Level 5.1 Axes
 + Level 2.6 Armour
 + Level 1.6 Dodging
 + Level 0.1 Stealth


You had 2 spell levels left.
You didn't know any spells.
Your spell library was empty.

Dungeon Overview and Level Annotations

Branches:
Dungeon (3/15)

Altars:
Zin


Message History

The ball python bites you but does no damage.
The ball python closely misses you.
You slash the ball python!
You kill the ball python!
Trog accepts your kill.
You open the door.
There is an open door here.
You open the door.
There is an open door here.
You now have 139 gold pieces (gained 13).
A gnoll comes into view. It is wielding a +0 halberd.
The gnoll shouts!
A gnoll comes into view. It is wielding a +0 halberd of venom.
A gnoll comes into view. It is wielding a +0 spear.
The gnoll shouts! x2
The gnoll attacks as it pursues you! The gnoll barely misses you.
The gnoll attacks as it pursues you! The gnoll barely misses you.
The gnoll barely misses you.
The gnoll hits you from afar with a +0 halberd.
You hit the gnoll.
The gnoll is lightly wounded.
The gnoll hits you with a +0 halberd of venom!
You are poisoned.
The gnoll closely misses you.
You hit the gnoll.
The gnoll is moderately wounded.
You feel very sick. The gnoll closely misses you. x2
You barely miss the gnoll.
The gnoll is moderately wounded.
You feel very sick.
The gnoll hits you with a +0 halberd of venom.
You are more poisoned.
The gnoll closely misses you.
You slash the gnoll!
The gnoll is almost dead.
You feel very sick. The gnoll barely misses you.
The gnoll hits you from afar with a +0 halberd!
You die...

....# ........ ... ....# .......#
# ..## ##### #.....#.#.#..#. ###
#....# .#....# ..# #...#.##......
#.# #..#.#........ #.#
##..##.........
..#################..#...........
................@ggg.............
###################..............
###############


You could see 3 gnolls.

Vanquished Creatures
  An adder (D:2)
  3 ball pythons
  2 endoplasms
  A giant cockroach (D:1)
  3 hobgoblins (D:1)
  4 jackals (D:2)
  2 quokkas (D:1)
  6 bats
  2 frilled lizards
  4 goblins
  2 kobolds
  A rat (D:1)
31 creatures vanquished.

Notes
Turn   | Place    | Note
-------+----------+-------------------------------------------
     0 | D:1      | Curundu the Hill Orc Berserker began the quest for the Orb.
     0 | D:1      | Reached XP level 1. HP: 19/19 MP: 1/1
   164 | D:1      | Reached XP level 2. HP: 27/27 MP: 2/2
   825 | D:2      | Found a glowing silver altar of Zin.
   838 | D:2      | Reached XP level 3. HP: 33/33 MP: 3/3
  1038 | D:2      | Found a faded altar of an unknown god.
  1060 | D:2      | Reached skill level 5 in Axes
  1540 | D:3      | Slain by a gnoll

Illustrated notes

Levels and vault maps discovered:
D:1:      sevenhm_arrival_forest_fort_small_3, layout_basic, minmay_pentomino_s4
D:2:      layout_basic, hellmonk_ecumenical_altar_dog_temple, basic_altar,
          minmay_statues_item, chequers_serial_rivers_large_b
D:3:      layout_basic, minmay_misc_feat_secret_circle, uniq_crazy_yiuf_cottage

Skill      XL: |  1  2  3 |
---------------+----------+-----
Fighting       | 4 |  4.1
Axes           | 5 |  5.1
Armour         | |  2.6
Dodging        | |  1.6
Stealth        | |  0.1

Action                     || total
---------------------------++-------
  Melee: Hand axe          ||   101
 Armour: Animal skin       ||    19
         Scale mail        ||    54
  Dodge: Dodged            ||    77
  Block: Buckler           ||     3

Table legend: (Time is in decaauts)
 A = Elapsed time spent in this place.
 B = Non-inter-level travel time spent in this place.
 C = Inter-level travel time spent in this place.
 D = Time resting spent in this place.
 E = Time spent auto-exploring this place.
 F = Levels seen in this place.
 G = Mean time per level.
                   A        B        C        D        E       F      G
               +--------+--------+--------+--------+--------+-----+--------+
         Total |   1592 |   1592 |      0 |      0 |   1160 |   3 |  530.7 |
       Dungeon |   1592 |   1592 |      0 |      0 |   1160 |   3 |  530.7 |
               +--------+--------+--------+--------+--------+-----+--------+

Top non-repeatable levels by time:
     D:2: 751 daAuts
     D:1: 652 daAuts
     D:3: 189 daAuts
